[Event "ICCopen2017"]
[Site "Internet Chess Club"]
[Date "2017.04.02"]
[Round "5"]
[White "Quinten1994"]
[Black "domti"]
[Result "1-0"]
[ICCResult "Black checkmated"]
[WhiteElo "2279"]
[BlackElo "1959"]
[Opening "Sicilian: Labourdonnais-Löwenthal (Kalashnikov) variation"]
[ECO "B32"]
[NIC "SI.32"]
[Time "19:53:14"]
[TimeControl "180+0"]

1. e4 c5 2. Nf3 Nc6 3. d4 cxd4 4. Nxd4 e5 5. Nb5 d6 6. c4 Be7 7. N1c3 a6 8.
Na3 Be6 9. Nd5 Nf6 10. Bd3 O-O 11. O-O Rc8 12. Nc2 Nd7 13. Be3 Bg5 14. Qd2
Bxe3 15. Ndxe3 Qg5 16. Rfd1 Rfd8 17. Bf1 Nc5 18. f3 Ne7 19. Nd5 Qxd2 20.
Nxe7+ Kf8 21. Rxd2 Kxe7 22. Rad1 Na4 23. Ne3 Nb6 24. b3 Rc6 25. Kf2 a5 26.
g3 Nd7 27. f4 f6 28. Be2 Nc5 29. Bf3 g6 30. f5 Bf7 31. h4 Rg8 32. g4 Rb8 33.
g5 Rd8 34. gxf6+ Kxf6 35. Ng4+ Ke7 36. Nxe5 dxe5 37. Rxd8 gxf5 38. exf5 e4
39. Be2 Rf6 40. Ke3 Rxf5 41. Rh8 Bg6 42. h5 Bxh5 43. Rxh7+ Bf7 44. Rf1 Rxf1
45. Bxf1 b6 46. Be2 Kf6 47. Rh6+ Bg6 48. Bh5 Kg5 49. Rxg6+ Kxh5 50. Rxb6 Kg4
51. Rb5 Nd3 52. Kxe4 Nb4 53. Rxa5 Nc2 54. Kd3 Nb4+ 55. Kc3 Nc6 56. Rc5 Ne7
57. b4 Kf4 58. Kd4 Nf5+ 59. Kd5 Ne3+ 60. Kc6 Ke4 61. b5 Nf5 62. b6 Nd4+ 63.
Kc7 Ne6+ 64. Kd6 Nxc5 65. Kxc5 Kd3 66. b7 Kc3 67. b8=Q Kc2 68. Qb3+ Kd2 69.
Kb4 Ke2 70. c5 Kd2 71. c6 Ke2 72. c7 Kd2 73. c8=Q Ke2 74. Qcc2+ Kf1 75.
Qbb1# {Black checkmated} 1-0

[Event "ICCopen2017"]
[Site "Internet Chess Club"]
[Date "2017.04.02"]
[Round "5"]
[White "Mohammadmin"]
[Black "DreadHead"]
[Result "0-1"]
[ICCResult "White checkmated"]
[WhiteElo "2176"]
[BlackElo "2468"]
[Opening "Réti opening"]
[ECO "A04"]
[NIC "QP.11"]
[Time "19:53:15"]
[TimeControl "180+0"]

1. Nf3 g6 2. g3 Bg7 3. Bg2 Nf6 4. b3 O-O 5. Bb2 d5 6. O-O c5 7. e3 Nc6 8.
Ne5 Qc7 9. Nxc6 bxc6 10. c4 e5 11. Nc3 d4 12. Na4 Nd7 13. Ba3 Qd6 14. exd4
exd4 15. d3 Re8 16. Re1 Bb7 17. Qd2 Bf8 18. Rxe8 Rxe8 19. Re1 Re5 20. Kf1 f6
21. Rxe5 Qxe5 22. Qe2 Kf7 23. Qxe5 Nxe5 24. Ke2 Nd7 25. h4 f5 26. Bh3 h5 27.
Bg2 Ke6 28. Bc1 Nb6 29. Nb2 Bd6 30. Bd2 Nd7 31. Na4 Ne5 32. Bf4 Ng4 33. Bc1
Ne5 34. Bg5 Nf7 35. Bd2 Be7 36. Bc1 Ne5 37. Bf4 Nd7 38. Bf3 Bd6 39. Bc1 Nb6
40. Nb2 Ba8 41. Bd2 Bb7 42. Ba5 Ba8 43. Bd2 Bb7 44. Nd1 Be5 45. Nb2 Bc7 46.
Bc1 Nd7 47. Na4 Bd6 48. a3 Ne5 49. Bg2 Nd7 50. Bd2 Nb6 51. Nb2 Nd7 52. b4
cxb4 53. axb4 Ne5 54. Bf4 Kd7 55. c5 Bc7 56. Bxe5 Bxe5 57. Nc4 Bc7 58. Kd2
Ba6 59. Nb2 Bb5 60. Kc2 a5 61. Kb3 axb4 62. Kxb4 f4 63. gxf4 Bxf4 64. Be4 g5
65. hxg5 Bxg5 66. Bf5+ Ke7 67. Nc4 h4 68. Na5 Kf6 69. Bh3 Ke5 70. Bg2 Bd2+
71. Kb3 Bxa5 72. Bh3 Bxd3 73. Bg2 Be4 74. f3 Bd5+ 75. Ka4 Kf4 76. Kxa5 Bxf3
77. Bh3 Kg3 78. Be6 d3 79. Bb3 d2 80. Kb6 h3 81. Bc2 h2 82. Kc7 h1=Q 83. Kb6
Qc1 84. Ba4 Qa3 85. Bc2 Qb2+ 86. Kc7 Qxc2 87. Kd6 d1=Q+ 88. Kc7 Qxc5 89. Kb7
Qb3+ 90. Kc8 Qf8+ 91. Kd7 Qbf7# {White checkmated} 0-1

[Event "ICCopen2017"]
[Site "Internet Chess Club"]
[Date "2017.04.02"]
[Round "5"]
[White "ShadowStorm"]
[Black "CapitanCentella"]
[Result "0-1"]
[ICCResult "White checkmated"]
[WhiteElo "1388"]
[BlackElo "1745"]
[Opening "Queen's pawn game"]
[ECO "D00"]
[NIC "QP.08"]
[Time "19:53:17"]
[TimeControl "180+0"]

1. d4 d5 2. e3 e6 3. f4 Nf6 4. Nf3 c5 5. Bd3 cxd4 6. exd4 Nc6 7. c3 Bd6 8.
O-O Qc7 9. Ne5 O-O 10. Be3 a6 11. Nd2 b5 12. Ndf3 Na5 13. Rc1 Nc4 14. Qd2
Nxe3 15. Qxe3 Bb7 16. Ng5 Ne4 17. Nxe4 dxe4 18. Be2 Bxe5 19. fxe5 Bd5 20. b3
Qe7 21. Rf4 Qg5 22. Rcf1 Rac8 23. Qh3 e3 24. Rg4 Qe7 25. Qh6 g6 26. h4 f5
27. exf6 Rxf6 28. Rgf4 Rxf4 29. Rxf4 Qg7 30. Qg5 Rf8 31. h5 Rxf4 32. Qxf4
Qf7 33. Qxe3 Qf5 34. hxg6 hxg6 35. Bf3 Qb1+ 36. Kh2 Qxa2 37. Bxd5 exd5 38.
Qe6+ Kh7 39. Qxd5 Qa5 40. Qd7+ Kh6 41. Qh3+ Kg7 42. Qd7+ Kf6 43. Qd6+ Kf5
44. Qe5+ Kg4 45. Qe4+ Kg5 46. d5 Qxc3 47. d6 Qc8 48. Qe3+ Kg4 49. g3 Qh8+
50. Kg2 Qh3+ 51. Kf2 Qh2+ 52. Ke1 Qh1+ 53. Kd2 Qd5+ 54. Kc3 Qxd6 55. Qf4+
Qxf4 56. gxf4 Kxf4 57. Kb4 g5 58. Kc5 g4 59. Kb6 g3 60. Kxa6 g2 61. Kxb5
g1=Q 62. Ka5 Qg8 63. b4 Qb8 64. b5 Ke4 65. b6 Kd4 66. Ka6 Kc5 67. b7 Kc6 68.
Ka5 Qxb7 69. Ka4 Qb2 70. Ka5 Qb5# {White checkmated} 0-1

[Event "ICCopen2017"]
[Site "Internet Chess Club"]
[Date "2017.04.02"]
[Round "5"]
[White "kamalchandran"]
[Black "rencoroso"]
[Result "1-0"]
[ICCResult "Black forfeits on time"]
[WhiteElo "1809"]
[BlackElo "1962"]
[Opening "Sicilian"]
[ECO "B50"]
[NIC "SI.01"]
[Time "19:53:50"]
[TimeControl "180+0"]

1. e4 c5 2. Nf3 d6 3. g3 Nf6 4. d3 g6 5. Bg2 Bg7 6. O-O O-O 7. Nc3 Nc6 8. h3
Rb8 9. Be3 b5 10. Qd2 a5 11. Bh6 a4 12. Bxg7 Kxg7 13. Nh4 b4 14. Ne2 Ba6 15.
b3 a3 16. f4 e6 17. e5 Nxe5 18. fxe5 dxe5 19. Qe3 Qd6 20. Nf3 Nd7 21. Ng5
Bb7 22. Bxb7 Rxb7 23. Qf3 Rbb8 24. Ne4 Qe7 25. g4 f5 26. Nf2 Nf6 27. g5 Nd5
28. Qg3 Qc7 29. Nd1 f4 30. Qh4 Ne7 31. Qg4 Nf5 32. Rf3 Rbd8 33. h4 Qc6 34.
h5 Nd4 35. Rh3 Nxe2+ 36. Qxe2 Qd5 37. Nf2 Qd4 38. Re1 Rd5 39. Qe4 Qxe4 40.
Rxe4 Rf5 41. hxg6 Rxg5+ 42. Kf1 hxg6 43. Ke2 Rf5 44. Ng4 g5 45. Rh6 f3+ 46.
Kf2 Rd6 47. Rh5 Kg6 48. Rh8 Rf4 49. Nxe5+ {Black forfeits on time} 1-0

[Event "ICCopen2017"]
[Site "Internet Chess Club"]
[Date "2017.04.02"]
[Round "5"]
[White "Alright2015"]
[Black "shirovinster"]
[Result "1-0"]
[ICCResult "Black forfeits on time"]
[WhiteElo "2246"]
[BlackElo "1740"]
[Opening "Réti opening"]
[ECO "A04"]
[NIC "QP.10"]
[Time "19:53:10"]
[TimeControl "180+0"]

1. Nf3 c5 2. b3 Nc6 3. e3 Nf6 4. c4 g6 5. g3 Bg7 6. Bb2 O-O 7. Bg2 d6 8. O-O
e5 9. d3 Bg4 10. h3 Be6 11. Qe2 Qd7 12. g4 h6 13. Nc3 Nh7 14. Rad1 f5 15.
gxf5 gxf5 16. Nh2 Kh8 17. f4 Bf6 18. Nd5 Rg8 19. Nxf6 Nxf6 20. Kh1 Rg6 21.
d4 cxd4 22. exd4 exd4 23. Nf3 Ne4 24. Kh2 Ng3 25. Qe1 Nxf1+ 26. Qxf1 Rag8
27. Rd2 d5 28. Nxd4 Nxd4 29. Bxd4+ Kh7 30. Be5 Qc6 31. cxd5 Qd7 32. Bf3 Bf7
33. Rg2 Rxg2+ 34. Bxg2 Bxd5 35. Bxd5 Qxd5 36. Qe2 Qe4 37. Qd2 Qc6 38. a4 a5
39. Qe2 Qg6 40. Qf2 h5 41. Bd4 Qf7 42. Qc2 Qd5 43. Be3 Kh6 44. Qf2 Rg6 45.
Bc5 Qe4 46. Be3 Re6 47. Bc5 Qd5 48. Be3 Qe4 49. Bc5 Qd5 50. h4
{Black forfeits on time}
1-0

[Event "ICCopen2017"]
[Site "Internet Chess Club"]
[Date "2017.04.02"]
[Round "5"]
[White "Cu-Chulainn"]
[Black "shally"]
[Result "0-1"]
[ICCResult "White forfeits on time"]
[WhiteElo "1640"]
[BlackElo "1866"]
[Opening "Sicilian defense"]
[ECO "B40"]
[NIC "SI.43"]
[Time "19:53:47"]
[TimeControl "180+0"]

1. e4 c5 2. Nf3 e6 3. c4 Nc6 4. Nc3 g6 5. d4 cxd4 6. Nxd4 Bg7 7. Ndb5 Nge7
8. Nd6+ Kf8 9. Qf3 f5 10. Bg5 Nd4 11. Qd3 Qc7 12. Bxe7+ Kxe7 13. Ncb5 Nxb5
14. Nxb5 Qc5 15. O-O-O a6 16. Nd6 Rd8 17. f4 fxe4 18. Nxe4 Qb6 19. Qd6+ Qxd6
20. Nxd6 b6 21. Be2 Ra7 22. Kb1 Rc7 23. Bf3 Rf8 24. g3 h6 25. Rd3 g5 26.
fxg5 hxg5 27. Rhd1 Be5 28. Nxc8+ Rfxc8 29. b3 b5 30. cxb5 axb5 31. R3d2 d6
32. Be2 b4 33. Bc4 d5 34. Be2 Bc3 35. Rc2 d4 36. Bg4 Rf8 37. Re2 Rc6 38. Kc2
Rf6 39. Kd3 Kd6 40. h4 gxh4 41. gxh4 e5 42. Re4 Rf2 43. h5 Rh2 44. Be2 Rc7
45. Rg1 Rf7 46. Rg6+ Kd5 47. Rg5 Rh3+ 48. Kc2 Kxe4 49. Rxe5+ Kxe5
{White forfeits on time}
0-1

[Event "ICCopen2017"]
[Site "Internet Chess Club"]
[Date "2017.04.02"]
[Round "5"]
[White "devotional"]
[Black "DGint"]
[Result "1-0"]
[ICCResult "Black forfeits on time"]
[WhiteElo "2122"]
[BlackElo "1752"]
[Opening "Scandinavian defense"]
[ECO "B01"]
[NIC "SD.03"]
[Time "19:53:39"]
[TimeControl "180+0"]

1. e4 d5 2. exd5 Nf6 3. d4 Bg4 4. Be2 Bxe2 5. Qxe2 Qxd5 6. Nf3 e6 7. O-O Bd6
8. c4 Qh5 9. Nc3 Nc6 10. Be3 Ng4 11. h3 Nxe3 12. Qxe3 O-O 13. Ne4 Be7 14. a3
Rad8 15. Rad1 Na5 16. Qc3 b6 17. b4 Nb7 18. Ne5 Qh4 19. Rfe1 Bf6 20. Nf3 Qh6
21. Qe3 Qxe3 22. Nxf6+ gxf6 23. fxe3 c5 24. dxc5 bxc5 25. Kf2 Nd6 26. Nd2 f5
27. bxc5 Nb7 28. c6 Na5 29. Nf3 Rc8 30. Rd7 Rxc6 31. Rxa7 Nxc4 32. Rc1 Rfc8
33. Nd4 Rc5 34. a4 Nd2 35. Rxc5 Rxc5 36. a5 Ne4+ 37. Kg1 Rc1+ 38. Kh2 h5 39.
a6 h4 40. Nf3 Ng3 41. Nxh4 Nf1+ 42. Kg1 Ng3+ 43. Kf2 Ne4+ 44. Ke2 Rc2+ 45.
Kd3 {Black forfeits on time} 1-0

[Event "ICCopen2017"]
[Site "Internet Chess Club"]
[Date "2017.04.02"]
[Round "5"]
[White "chessrex"]
[Black "Zloy17"]
[Result "0-1"]
[ICCResult "White forfeits on time"]
[WhiteElo "1902"]
[BlackElo "1993"]
[Opening "French: Alapin variation"]
[ECO "C01"]
[NIC "QP.08"]
[Time "19:53:35"]
[TimeControl "180+0"]

1. d4 d5 2. e4 e6 3. Be3 dxe4 4. Nc3 Nf6 5. f3 Bb4 6. a3 Bxc3+ 7. bxc3 b6 8.
fxe4 Bb7 9. e5 Nd5 10. Bf2 Nxc3 11. Qg4 O-O 12. Bd3 f5 13. Qg3 Ne4 14. Qf4
c5 15. Nf3 Nxf2 16. Kxf2 Bxf3 17. Qxf3 Qxd4+ 18. Kg3 Qxe5+ 19. Kh3 Nd7 20.
Rae1 Qd6 21. Bc4 Rf6 22. Qxa8+ Nf8 23. g3 b5 24. Rd1 Qe5 25. Rhe1 Qc3 26.
Bxe6+ Kh8 27. Re2 f4 28. Rd3 Qa1 29. Kg2 fxg3 30. Rf3 gxh2 31. Kxh2 Rh6+ 32.
Bh3 Rxh3+ 33. Rxh3 Qf6 34. Kg2 h5 35. Rf3 Qg5+ 36. Kf2 Qh4+ 37. Kf1 Qh1+ 38.
Kf2 Qh4+ 39. Rg3 Qf6+ 40. Qf3 Qd4+ 41. Re3 Kg8 42. Rg5 h4 43. Rf5 Qd2+ 44.
Re2 Qd4+ 45. Kf1 Ng6 {White forfeits on time} 0-1

[Event "ICCopen2017"]
[Site "Internet Chess Club"]
[Date "2017.04.02"]
[Round "5"]
[White "akibael"]
[Black "lestri"]
[Result "0-1"]
[ICCResult "White forfeits on time"]
[WhiteElo "2165"]
[BlackElo "2526"]
[Opening "English: symmetrical variation"]
[ECO "A37"]
[NIC "EO.28"]
[Time "19:53:51"]
[TimeControl "180+0"]

1. Nf3 c5 2. c4 g6 3. Nc3 Bg7 4. g3 Nc6 5. Bg2 d6 6. O-O a6 7. e3 Nf6 8. d4
O-O 9. b3 Rb8 10. Bb2 b5 11. cxb5 axb5 12. dxc5 dxc5 13. Qxd8 Rxd8 14. Rfd1
Ba6 15. Ng5 Nb4 16. Bf1 c4 17. Ba3 Nfd5 18. Nxd5 Nxd5 19. bxc4 Bxa1 20. cxd5
Bf6 21. Ne4 b4 22. Nxf6+ exf6 23. Bb2 Bxf1 24. Kxf1 Rd6 25. e4 Ra6 26. Rb1
Re8 27. f3 f5 28. e5 Rxa2 29. Bd4 Rc8 30. d6 Rc4 31. Bb6 Rd2 32. Ke1 Rd5 33.
f4 Kf8 34. Ke2 f6 35. Kf3 fxe5 36. fxe5 Ke8 37. Re1 b3 38. Bc7 b2 39. e6
Rd3+ 40. Kg2 Rc2+ 41. Kh3 Re2 42. d7+ Rxd7 43. exd7+ Kxd7 44. Rxe2 b1=Q
{White forfeits on time}
0-1

[Event "ICCopen2017"]
[Site "Internet Chess Club"]
[Date "2017.04.02"]
[Round "5"]
[White "Pashket"]
[Black "DaGame"]
[Result "1/2-1/2"]
[ICCResult "White ran out of time and Black has no material to mate"]
[WhiteElo "2653"]
[BlackElo "2717"]
[Opening "Sicilian defense"]
[ECO "B44"]
[NIC "SI.39"]
[Time "19:53:28"]
[TimeControl "180+0"]

1. e4 c5 2. Nf3 e6 3. d4 cxd4 4. Nxd4 Nc6 5. Nb3 Nf6 6. Bd3 d5 7. exd5 Nxd5
8. O-O Be7 9. Qe2 O-O 10. a3 Qc7 11. g3 Ne5 12. Be4 Qc4 13. Re1 Qxe2 14.
Rxe2 Nf6 15. Bxh7+ Kxh7 16. Rxe5 b6 17. f3 Bb7 18. Kf2 a5 19. a4 Rac8 20. c3
Rfd8 21. Re1 Bd5 22. Nd4 Bc5 23. Be3 Bb7 24. Nb5 Bxe3+ 25. Kxe3 Nd5+ 26. Kf2
Bc6 27. Nd4 Bb7 28. Na3 Ba6 29. Nab5 Kg6 30. Rad1 Nf6 31. g4 Rd5 32. h4 Rcd8
33. Nc7 R5d7 34. h5+ Kh7 35. Nxa6 Ra7 36. Nb8 Rxb8 37. Nc6 Rbb7 38. Nxa7
Rxa7 39. Re5 Nd5 40. c4 Nb4 41. Rd6 Rc7 42. b3 Rb7 43. Rb5 Nc2 44. Rbxb6 Rc7
45. Ke2 e5 46. Kd3 Ne1+ 47. Ke4 f6 48. Rbc6 Rb7 49. Rb6 Rc7 50. Rb5 Nc2 51.
Rxa5 Nd4 52. Rxd4 exd4 53. Kxd4 Rd7+ 54. Rd5 Re7 55. Kc3 Re3+ 56. Rd3 Re8
57. c5 Ra8 58. Kc4 Rc8 59. b4 Kh6 60. b5 Kg5 61. c6 Re8 62. Kc5 Re1 63. Kb6
Rc1 64. c7 Re1 65. Rd5+ Kh4 66. Rc5 Re6+ 67. Rc6 Re8 68. c8=Q Rxc8 69. Rxc8
Kg3 70. Rg8 f5 71. Rxg7 f4 72. Rf7 Kxf3 73. Rxf4+ Kxf4 74. h6 Kg5 75. h7 Kg6
76. h8=Q Kg5 77. Qh5+ Kf4 78. g5 Ke4 79. g6 Kd4 80. g7 Kc4 81. g8=Q+ Kb4
{White ran out of time and Black has no material to mate}
1/2-1/2

[Event "ICCopen2017"]
[Site "Internet Chess Club"]
[Date "2017.04.02"]
[Round "5"]
[White "Maxbet"]
[Black "Baltimora"]
[Result "1/2-1/2"]
[ICCResult "Game drawn because neither player has mating material"]
[WhiteElo "2681"]
[BlackElo "2207"]
[Opening "Old Benoni defense"]
[ECO "A44"]
[NIC "OI.09"]
[Time "19:53:19"]
[TimeControl "180+0"]

1. d4 c5 2. d5 e5 3. Nc3 d6 4. e4 Nf6 5. Nf3 Nbd7 6. Nd2 Be7 7. Be2 O-O 8.
O-O Ne8 9. Nc4 Nb6 10. Ne3 g6 11. a4 Bg5 12. a5 Nd7 13. Nc4 Bxc1 14. Qxc1
Kg7 15. f4 exf4 16. Qxf4 Qe7 17. Nb5 Ne5 18. Nbxd6 Nxd6 19. Qxe5+ Qxe5 20.
Nxe5 Nxe4 21. Nc4 Bd7 22. Bf3 Nf6 23. d6 Bb5 24. b3 Rab8 25. Rfe1 Rfe8 26.
Re7 Rxe7 27. dxe7 Bxc4 28. bxc4 Re8 29. Re1 Ng8 30. Bxb7 Rxe7 31. Rb1 Re2
32. Bd5 Nf6 33. Rb7 Nxd5 34. cxd5 Rxc2 35. Rxa7 Kf6 36. a6 c4 37. Rc7 c3 38.
d6 Ra2 39. a7 c2 40. Rxc2 Rxa7 41. Rd2 Rd7 42. h3 Ke6 43. Re2+ Kxd6 44. Kh2
Re7 45. Rd2+ Ke5 46. Rc2 Kf6 47. Rf2+ Kg7 48. Rd2 f5 49. Ra2 h5 50. Ra6 Kh6
51. Rb6 Kg5 52. Rb1 Re3 53. Rf1 f4 54. Rf2 f3 55. Ra2 fxg2 56. Rxg2+ Kf5 57.
Rf2+ Ke5 58. Rg2 Kf6 59. Rf2+ Kg7 60. Rg2 Kh6 61. Rg1 g5 62. Rg2 g4 63. Ra2
gxh3 64. Ra6+ Kg5 65. Ra5+ Kg4 66. Ra4+ Kf3 67. Ra2 Re2+ 68. Rxe2 Kxe2 69.
Kxh3 Ke3 70. Kh4 Ke4 71. Kxh5
{Game drawn because neither player has mating material}
1/2-1/2

[Event "ICCopen2017"]
[Site "Internet Chess Club"]
[Date "2017.04.02"]
[Round "5"]
[White "HuevosDeLeon"]
[Black "Molton"]
[Result "0-1"]
[ICCResult "White resigns"]
[WhiteElo "2537"]
[BlackElo "3049"]
[Opening "Queen's pawn: London system"]
[ECO "A45"]
[NIC "QP.07"]
[Time "19:54:00"]
[TimeControl "180+0"]

1. d4 Nf6 2. Bf4 d6 3. e3 g6 4. Be2 Bg7 5. Nf3 O-O 6. O-O Nc6 7. c3 Nd7 8.
e4 e5 9. Bg5 f6 10. Be3 Kh8 11. Qb3 Qe8 12. dxe5 fxe5 13. Nbd2 Nf6 14. h3 b6
15. a4 Nh5 16. Rfe1 Nf4 17. Bf1 Be6 18. Qc2 a5 19. Bxf4 Rxf4 20. Bc4 Bd7 21.
Bd5 Qe7 22. Qd3 Raf8 23. Re2 Nd8 24. Bc4 Ne6 25. Bxe6 Bxe6 26. Qe3 h6 27.
Ne1 g5 28. Nd3 R4f6 29. Nf1 g4 30. hxg4 Bxg4 31. f3 Be6 32. Ng3 Qf7 33. Kf2
Bg4 34. Ne1 Qg6 35. Nf1 h5 36. Rc2 Bh6 37. Qe2 h4 38. Kg1 h3 39. Nh2 Be6 40.
Kh1 hxg2+ 41. Qxg2 Qh5 42. Nd3 Rxf3 43. Nf2 R3f4 44. Rg1 Rg8 45. Qf1 Rxg1+
46. Qxg1 Rh4 47. Nd3 Qf3+ 48. Rg2 Qxd3 49. Rg6 Qxe4+ 50. Qg2 Qe1+ 51. Qg1
Bd5+ {White resigns} 0-1

[Event "ICCopen2017"]
[Site "Internet Chess Club"]
[Date "2017.04.02"]
[Round "5"]
[White "Fighterman"]
[Black "saya"]
[Result "1-0"]
[ICCResult "Black resigns"]
[WhiteElo "2460"]
[BlackElo "2752"]
[Opening "Sicilian: Kan, 5.Nc3"]
[ECO "B43"]
[NIC "SI.41"]
[Time "19:53:40"]
[TimeControl "180+0"]

1. e4 c5 2. Nf3 e6 3. d4 cxd4 4. Nxd4 a6 5. Nc3 Qc7 6. Bd3 d6 7. O-O Nf6 8.
a4 Be7 9. f4 Nc6 10. Be3 O-O 11. Kh1 Bd7 12. Qf3 Nxd4 13. Bxd4 e5 14. fxe5
dxe5 15. Qg3 Nh5 16. Qxe5 Qxe5 17. Bxe5 Nf6 18. Nd5 Nxd5 19. exd5 Rfe8 20.
Bd4 Bd6 21. b3 Rac8 22. Rae1 Bb4 23. Rxe8+ Rxe8 24. Kg1 Rc8 25. Kf2 g6 26.
Rc1 Bd2 27. Rd1 Bb4 28. Bc4 Kf8 29. c3 Bd6 30. Bd3 h5 31. g3 Bg4 32. Re1 Bd7
33. Ke3 Re8+ 34. Kd2 Rc8 35. c4 Bb4+ 36. Bc3 Bd6 37. Re2 b6 38. Bd4 Bc7 39.
Kc3 a5 40. Be5 Bd8 41. Bd6+ Kg7 42. Kd4 Bg4 43. Re1 Bh3 44. Be7 Bc7 45. d6
Bb8 46. Be4 Ba7 47. Kd3 Bd7 48. Bd5 Be8 49. Rf1 f5 50. Re1 b5 51. axb5 Bc5
52. d7 Bxd7 53. Bxc5 Rxc5 54. Re7+ Kf6 55. Rxd7 a4 56. bxa4 Rc8 57. a5 g5
58. a6 h4 59. gxh4 gxh4 60. a7 Kg5 61. a8=Q Rxa8 62. Bxa8 Kf4 63. Rh7 h3 64.
Rxh3 Kg4 65. Rg3+ Kh4 66. Rf3 f4 67. Rxf4+ Kh3 68. Re4 Kxh2 69. c5 Kg3 70.
c6 {Black resigns} 1-0

[Event "ICCopen2017"]
[Site "Internet Chess Club"]
[Date "2017.04.02"]
[Round "5"]
[White "NWRiver"]
[Black "BillietheKid"]
[Result "1/2-1/2"]
[ICCResult "Black ran out of time and White has no material to mate"]
[WhiteElo "1592"]
[BlackElo "1428"]
[Opening "French: King's Indian attack"]
[ECO "C00"]
[NIC "FR.02"]
[Time "19:53:48"]
[TimeControl "180+0"]

1. e4 e6 2. d3 d5 3. exd5 exd5 4. Nf3 Nf6 5. Be2 Bd6 6. c3 O-O 7. O-O c6 8.
b3 Bf5 9. Bb2 Nbd7 10. a3 Re8 11. Re1 h6 12. Nbd2 Bh7 13. Rc1 Nh5 14. c4 Nf4
15. Bf1 Bxd3 16. cxd5 Bxf1 17. Nxf1 Nxd5 18. Qd4 N7f6 19. h3 Rxe1 20. Rxe1
Qc7 21. b4 a5 22. bxa5 Qxa5 23. Ne3 Nxe3 24. fxe3 Re8 25. e4 Bc5 26. Kh2
Bxd4 27. Bxd4 Nxe4 28. Bg1 Qxa3 29. Kh1 Ng3+ 30. Kh2 Rxe1 31. Nxe1 Nf5 32.
Nf3 Qd6+ 33. Kh1 Ng3+ 34. Kh2 Ne2+ 35. Kh1 Nxg1 36. Kxg1 b5 37. Kf2 b4 38.
Ne1 b3 39. Nf3 b2 40. g3 b1=Q 41. Ne1 Qb2+ 42. Kf3 Qdd2 43. Nd3 Qxd3+ 44.
Kf4 Qb4+ 45. Ke5 Qf3 46. g4 Qxh3 47. g5 Qhh4 48. gxh6 Qxh6 49. Kf5 Qe6+ 50.
Kg5 {Black ran out of time and White has no material to mate} 1/2-1/2

[Event "ICCopen2017"]
[Site "Internet Chess Club"]
[Date "2017.04.02"]
[Round "5"]
[White "snaillike"]
[Black "fisherino"]
[Result "1-0"]
[ICCResult "Black forfeits on time"]
[WhiteElo "1312"]
[BlackElo "1525"]
[Opening "Queen's pawn game"]
[ECO "A45"]
[NIC "QP.07"]
[Time "19:53:45"]
[TimeControl "180+0"]

1. d4 Nf6 2. e4 Nxe4 3. Nc3 Nxc3 4. bxc3 d5 5. f4 Bf5 6. Nf3 Nd7 7. Be2 e6
8. O-O Bd6 9. Qe1 O-O 10. Nh4 Be4 11. Bh5 Nf6 12. Bf3 Bxf3 13. Rxf3 Ne4 14.
Rh3 Qf6 15. Qf1 Nxc3 16. Rxc3 Qxh4 17. Rh3 Qf6 18. Qd3 g6 19. Bd2 c5 20. c3
c4 21. Qc2 Qf5 22. Qb2 b6 23. Rf1 h5 24. Qc1 a5 25. Rff3 b5 26. Rfg3 b4 27.
Rg5 Qe4 28. Rhxh5 bxc3 29. Bxc3 Bxf4 30. Bd2 Bxg5 31. Rxg5 f6 32. Rg3 Qxd4+
33. Be3 Qe4 34. Qd1 Rab8 35. Qe2 Rb1+ 36. Kf2 Qf5+ 37. Rf3 Qh5 38. Qc2 Rh1
39. Rh3 Qf5+ 40. Qxf5 exf5 41. g3 Kg7 42. Bh6+ Kf7 43. Bxf8 Kxf8 44. Kg2 Ra1
45. Rh8+ Kg7 46. Rd8 Rxa2+ 47. Kh3 c3 48. Rxd5 c2 49. Rc5
{Black forfeits on time}
1-0

[Event "ICCopen2017"]
[Site "Internet Chess Club"]
[Date "2017.04.02"]
[Round "5"]
[White "CristianS"]
[Black "Unico"]
[Result "1-0"]
[ICCResult "Black forfeits on time"]
[WhiteElo "2112"]
[BlackElo "2406"]
[Opening "Sicilian: Najdorf, Byrne (English) attack"]
[ECO "B90"]
[NIC "SI.14"]
[Time "19:53:28"]
[TimeControl "180+0"]

1. e4 c5 2. Nf3 d6 3. d4 Nf6 4. Nc3 cxd4 5. Nxd4 a6 6. Be3 e5 7. Nf3 Be7 8.
Bc4 O-O 9. O-O Be6 10. Bb3 Qc7 11. Qe2 Rc8 12. Rfd1 Nbd7 13. Bg5 h6 14. Bxf6
Nxf6 15. Rac1 Bc4 16. Bxc4 Qxc4 17. Qe3 Rc5 18. Nd2 Qb4 19. a3 Qd4 20. Nf1
Qc4 21. Qd3 Qe6 22. Ne3 Rac8 23. Ned5 Nxd5 24. Nxd5 Bg5 25. Rb1 Rxc2 26. g3
h5 27. h4 Bd8 28. Nc3 R2xc3 29. bxc3 b5 30. Kg2 Be7 31. Qd5 Qd7 32. Qxe5 Qc7
33. Qd5 Bf6 34. Rbc1 Be5 35. Qd3 Qc6 36. f4 Bf6 37. Qd5 Qc7 38. e5 dxe5 39.
fxe5 Bxe5 40. Qf3 Bf6 41. Rf1 Qe7 42. Rcd1 Re8 43. Rde1 Qxe1 44. Rxe1 Rxe1
45. Qf2 Re8 46. Qa7 Rd8 47. Kh3 g6 48. Qxa6 Kg7 49. Qxb5 Re8 50. Qb4 Re5 51.
a4 Rf5 52. Kg2 Be5 53. Kg1 g5 54. Qc4 gxh4 55. Qd5 {Black forfeits on time}
1-0

[Event "ICCopen2017"]
[Site "Internet Chess Club"]
[Date "2017.04.02"]
[Round "5"]
[White "kaalzar"]
[Black "kabindra"]
[Result "0-1"]
[ICCResult "White forfeits on time"]
[WhiteElo "1345"]
[BlackElo "1587"]
[Opening "Vienna game"]
[ECO "C25"]
[NIC "VG.04"]
[Time "19:54:09"]
[TimeControl "180+0"]

1. e4 e5 2. Nc3 d5 3. exd5 c6 4. Bc4 Nf6 5. d3 cxd5 6. Bb3 d4 7. Ne4 Nxe4 8.
dxe4 Bb4+ 9. Bd2 Qe7 10. Ne2 O-O 11. O-O Nc6 12. Kh1 Qh4 13. f3 Bd6 14. Ng3
Kh8 15. c4 f5 16. exf5 Bxf5 17. Nxf5 Rxf5 18. Be1 Qh6 19. Bg3 Rg5 20. Kg1
Rf8 21. Qd3 Nb4 22. Qe4 Bc5 23. Bf2 Rf4 24. Qxb7 Rgf5 25. a3 Nd3 26. Qc8+
Rf8 27. Rad1 Nxf2 28. Qxc5 Nxd1 29. Bxd1 e4 30. Be2 d3 31. Bd1 exf3 32. Bxf3
Qf6 33. Qf2 Qd4 34. Qxd4 Rxd4 35. Rd1 d2 {White forfeits on time} 0-1

[Event "ICCopen2017"]
[Site "Internet Chess Club"]
[Date "2017.04.02"]
[Round "5"]
[White "TheDonald"]
[Black "garompon"]
[Result "1-0"]
[ICCResult "Black checkmated"]
[WhiteElo "2186"]
[BlackElo "2461"]
[Opening "King's pawn opening"]
[ECO "B07"]
[NIC "VO.17"]
[Time "19:53:46"]
[TimeControl "180+0"]

1. e4 d6 2. Nc3 Nf6 3. f4 c6 4. Nf3 Bg4 5. h3 Bxf3 6. Qxf3 e5 7. fxe5 dxe5
8. Bc4 Be7 9. d3 Nbd7 10. O-O b5 11. Bb3 Nc5 12. Qg3 g6 13. Qxe5 O-O 14. Bg5
Ncd7 15. Qh2 a5 16. a4 b4 17. Ne2 Nc5 18. Bc4 b3 19. cxb3 Nxd3 20. Rad1 Qb6+
21. Kh1 Nf2+ 22. Rxf2 Qxf2 23. Qc7 Rad8 24. Rxd8 Bxd8 25. Qxc6 Nh5 26. Qd5
Bxg5 27. Qxg5 Qe1+ 28. Kh2 Ng7 29. Qg3 Qd2 30. Qc3 Qd6+ 31. e5 Qe7 32. Qd4
Re8 33. Nf4 Qxe5 34. Qxe5 Rxe5 35. Nd5 Re1 36. Nf6+ Kh8 37. Nd7 Rb1 38. Nc5
Rxb2 39. Nb7 Nf5 40. Nxa5 Ne3 41. Kg3 Rf2 42. Kxf2 Nd1+ 43. Kf3 Nc3 44. Nc6
f5 45. a5 Na2 46. a6 Nb4 47. Nxb4 Kg7 48. a7 Kh6 49. a8=Q Kh5 50. Qd5 h6 51.
Qe5 g5 52. g4+ Kh4 53. Qg3# {Black checkmated} 1-0

[Event "ICCopen2017"]
[Site "Internet Chess Club"]
[Date "2017.04.02"]
[Round "5"]
[White "MichailovM"]
[Black "MoonlightWizard"]
[Result "0-1"]
[ICCResult "White forfeits on time"]
[WhiteElo "2187"]
[BlackElo "2713"]
[Opening "Queen's pawn: Torre attack"]
[ECO "A40"]
[NIC "QP.04"]
[Time "19:53:58"]
[TimeControl "180+0"]

1. d4 e6 2. Nf3 Nf6 3. Bg5 c5 4. e3 Be7 5. Nbd2 b6 6. Bd3 Bb7 7. O-O O-O 8.
c3 h6 9. Bh4 d6 10. Re1 Nbd7 11. a4 a6 12. Qe2 Qc8 13. e4 Re8 14. Bg3 Bc6
15. Nc4 Nxe4 16. Bxe4 Bxe4 17. Bxd6 Bd5 18. Bxe7 Rxe7 19. Ne3 Nf6 20. Nxd5
Nxd5 21. dxc5 Qxc5 22. Ne5 Qc7 23. g3 a5 24. Qb5 Rc8 25. Rad1 Ree8 26. Rd4
Red8 27. Rc4 Qd6 28. f4 Rxc4 29. Nxc4 Qc7 30. Ne5 Nf6 31. Qc4 Qd6 32. Qe2
Kf8 33. Qf2 Qd2 34. Nc4 Qxf2+ 35. Kxf2 Nd5 36. Rd1 Rc8 37. Ne5 Ke7 38. Kf3
f6 39. Nd3 Nc7 40. Re1 Rd8 41. Ke3 Na6 42. Nf2 Nc5 43. b4 axb4 44. cxb4 Nxa4
45. Rc1 Rd7 46. Ne4 f5 47. Nf2 b5 48. Nd3 Nb6 49. Rc5 Nd5+ 50. Ke2 Rb7 51.
Rc6 Kd7 52. Ne5+ Ke7 53. Nd3 Rb6 54. Rc5 Kd6 55. Kd2 Nxb4 56. Rc8 Nxd3 57.
Kxd3 Ke7 58. Rc7+ Kf6 59. Kc3 Rd6 60. Kb4 Rd2 61. Kxb5 Rb2+
{White forfeits on time}
0-1